 Dungeon Crawl Stone Soup version 0.27.1-34-g3ba077fa99 (webtiles) character file.

Game seed: 794987147289521577

1759 sankara the Ruffian (level 8, 0/99 HPs)
             Began as a Minotaur Transmuter on Jan 21, 2022.
             Slain by Harold (4 damage)
             ... on level 6 of the Dungeon.
             The game lasted 00:19:02 (9963 turns).

sankara the Ruffian (Minotaur Transmuter)           Turns: 9963, Time: 00:19:04

Health: 0/99       AC: 24    Str: 21    XL:     8   Next: 79%
Magic:  7/9        EV:  2    Int: 10    God:
Gold:   392        SH:  5    Dex: 13    Spells: 4/10 levels left

rFire    . . .     SeeInvis .     - Unarmed
rCold    . . .     Faith    .   (no shield)
rNeg     + + +     Spirit   .   (armour currently unavailable)
rPois    +         Reflect  +   (helmet currently unavailable)
rElec    .         Harm     .   (cloak currently unavailable)
rCorr    .         Rampage  .   (gloves currently unavailable)
Will     .....     NoTele   +   (boots currently unavailable)
Stlth    +.........             D - amulet of reflection
HPRegen  0.26/turn              i - +6 ring of strength
MPRegen  0.11/turn              (no ring)

@: brilliant, tree-form
A: stationary, stasis, torment immunity, boosted hp, (horns 2), (retaliatory
headbutt)
a: no special abilities


You were on level 6 of the Dungeon.
You were a tree.
You visited 2 branches of the dungeon, and saw 8 of its levels.
You also visited: Ossuary.

You collected 392 gold pieces.

Inventory:

Missiles
 b - 196 stones
 d - 45 sling bullets
 g - 7 atropa-tipped darts
 q - 9 poisoned darts (quivered)
Armour
 a - a +0 robe (melded)
 s - a +0 cloak (melded)
Jewellery
 i - a +6 ring of strength (left branch)
 D - an amulet of reflection (around neck)
Wands
 o - a wand of flame (25)
 C - a wand of paralysis (8)
Scrolls
 c - 2 scrolls of magic mapping
 e - a scroll of torment {unknown}
 h - 2 scrolls of blinking {unknown}
 j - 3 scrolls of identify {unknown}
 k - 3 scrolls of noise {unknown}
 l - 3 scrolls of fog {unknown}
 m - 3 scrolls of teleportation {unknown}
 p - a scroll of vulnerability {unknown}
 y - 2 scrolls of amnesia {unknown}
Potions
 f - a potion of brilliance
 n - 2 potions of lignification
 r - 3 potions of attraction {unknown}
 t - 2 potions of magic {unknown}
 u - 2 potions of might {unknown}
 v - a potion of curing
 w - a potion of experience {unknown}
 x - 3 potions of flight {unknown}
 z - 3 potions of heal wounds {unknown}
 A - 2 potions of degeneration {unknown}
Miscellaneous
 B - a piece from Xom's chessboard (15/15)


   Skills:
 + Level 3.9 Fighting
 - Level 3.0 Throwing
 + Level 4.1 Dodging
 + Level 7.0 Unarmed Combat
 - Level 1.5 Spellcasting
 + Level 5.8 Transmutations
 - Level 3.0 Poison Magic


You had 4 spell levels left.
You knew the following spells:

 Your Spells              Type           Power      Damage    Failure   Level
a - Beastly Appendage     Tmut           36%        N/A       3%          1
b - Wereblood             Tmut           18%        N/A       4%          2
c - Spider Form           Tmut/Pois      7%         N/A       16%         3

Your spell library contained the following spells:

 Spells                   Type           Power      Damage    Failure   Level
 Sublimation of Blood     Necr           0%         N/A       45%         2
 Gell's Gravitas          Tloc           0%         N/A       69%         3
 Lesser Beckoning         Tloc           0%         N/A       69%         3
 Ozocubu's Armour         Ice            1%         N/A       69%         3
 Teleport Other           Tloc           1%         N/A       69%         3
 Ice Form                 Ice/Tmut       9%         N/A       69%         4
 Ozocubu's Refrigeration  Ice            0%         4d5       100%        7
 Summon Hydra             Summ           0%         N/A       100%        7


Dungeon Overview and Level Annotations

Branches:
Dungeon (7/15)             Temple (1/1) D:6         Ossuary (visited)

Altars:
Ashenzari
Cheibriados
Dithmenos
Fedhas
Gozag
Hepliaklqana
Ru
Sif Muna
Trog
Uskayaw
Wu Jian
Xom
Yredelemnul
Zin
The Shining One

Shops:
D:4 *

Annotations:
D:6 Harold


Innate Abilities, Weirdness & Mutations

You are a tree.
Your roots penetrate the ground, keeping you stationary.
You cannot be teleported.
You are immune to unholy pain and torment.
Your maximum health is greatly increased.
Your equipment is partially melded.
((You have a pair of horns on your head.))
((You reflexively headbutt those who attack you in melee.))


Message History

You climb downwards.
Level annotation: Harold Harold hits you with a +0 hand axe.
You block Harold's attack.
There is a stone staircase leading up here.
Unknown command.
You completely miss Harold. Harold hits you with a +0 hand axe!!
You bite Harold!
Harold looks as sick as possible!
Harold is moderately wounded.
Harold hits you with a +0 hand axe!
You hit Harold but do no damage.
Harold looks as sick as possible!
Harold is moderately wounded.
You barely miss Harold.
Harold is moderately wounded.
You block Harold's attack.
You completely miss Harold.
Harold is moderately wounded.
Harold hits you with a +0 hand axe!
You bite Harold!
Harold looks as sick as possible!
Harold is moderately wounded.
Harold completely misses you. Harold misses you.
You climb upwards.
There is a stone staircase leading down here.
You hit Harold but do no damage.
Harold is heavily wounded.
You block Harold's attack.
You bite Harold!
Harold is heavily wounded.
Harold hits you with a +0 hand axe!!
* * * LOW HITPOINT WARNING * * *
It was a potion of brilliance.
You feel clever all of a sudden.
Your transformation is almost over.
Harold barely misses you.
It was a potion of lignification.
Your transformation has ended.
Your +0 cloak unmelds from your body.
Your +0 robe unmelds from your body.
You turn into a tree.
Your +0 cloak melds into your body.
Your +0 robe melds into your body.
Your roots penetrate the ground.
Harold hits you with a +0 hand axe.
You die...

#### ...#############
##.##..........#
#.##.########.## #.##.#
##...###########
#.##.######..#..#........#
#...........###♣..####.§§##
###..####.#..#@...###..§§§##
#..# ##.##...##.##§§§§§§§##
#..###.#.##.###.#§§§..§.§§####
#..(..###...# #..§§§...§§§...#
#.####)#.#### #....§._..§§...#
#.# #..## #..§§§..§§§....#
#.####'#### ###§§§§§§§§§#...
#.#.^...^.# ##§§§§§§§###..


You could see Harold (extremely poisoned).

Vanquished Creatures
  Grinder (D:5)
  An ice beast (D:6)
  2 black bears
  An ogre (D:5)
  Blork the orc (D:4)
  2 scorpions
  A howler monkey (D:5)
  4 crimson imps (D:6)
  A centaur zombie (D:6)
  A bullfrog zombie (D:6)
  A bullfrog skeleton (D:5)
  3 orc priests
  Crazy Yiuf (D:3)
  2 hounds
  A centaur skeleton (D:6)
  Natasha (thrice) (D:3)
  5 iguanas
  An orc wizard (D:5)
  A scorpion zombie (D:5)
  A hound zombie (D:5)
  8 mummies (Ossuary)
  4 gnolls (D:6)
  A howler monkey skeleton (D:5)
  2 adders
  2 worms (D:2)
  3 dart slugs
  10 orcs
  5 bats
  5 endoplasms
  9 giant cockroaches
  3 gnoll zombies
  6 goblins
  8 hobgoblins
  2 jackals (D:1)
  4 kobolds
  5 quokkas
  6 ball pythons
  3 frilled lizards
  2 hobgoblin zombies (Ossuary)
  A jackal zombie (D:5)
  4 kobold zombies (Ossuary)
  An orc zombie (Ossuary)
  6 rats
134 creatures vanquished.

Vanquished Creatures (others)
  5 fungi (D:3)
  13 plants (D:2)
18 creatures vanquished.

Grand Total: 152 creatures vanquished

Notes
Turn   | Place    | Note
-------+----------+-------------------------------------------
     0 | D:1      | sankara the Minotaur Transmuter began the quest for the
                  | Orb.
     0 | D:1      | Reached XP level 1. HP: 16/16 MP: 1/1
   244 | D:1      | Found a faded altar of an unknown god.
   295 | D:1      | Reached XP level 2. HP: 23/23 MP: 1/3
   303 | D:1      | Learned a level 2 spell: Wereblood
  1067 | D:1      | Reached skill level 4 in Unarmed Combat
  1067 | D:1      | Reached XP level 3. HP: 28/28 MP: 2/4
  1186 | D:2      | You fall into a shaft and drop 1 floor!
  2276 | D:2      | Reached XP level 4. HP: 28/35 MP: 3/5
  2280 | D:2      | Learned a level 3 spell: Spider Form
  2949 | D:3      | Noticed Natasha
  2965 | D:3      | Killed Natasha
  2966 | D:3      | Reached skill level 1 in Poison Magic
  3426 | D:3      | Noticed Natasha
  3574 | D:3      | Reached XP level 5. HP: 39/40 MP: 1/6
  3631 | D:3      | Killed Natasha
  3774 | D:3      | Noticed Natasha
  3835 | D:3      | Killed Natasha
  4199 | D:3      | Found a runed translucent door.
  4200 | D:3      | Noticed Crazy Yiuf
  4209 | D:3      | Killed Crazy Yiuf
  4534 | D:4      | Found Purecac's General Store.
  5127 | D:4      | Reached skill level 5 in Unarmed Combat
  5127 | D:4      | Reached XP level 6. HP: 31/47 MP: 0/7
  5384 | D:4      | Noticed Blork the orc
  5717 | D:4      | Killed Blork the orc
  5718 | D:4      | Reached skill level 1 in Throwing
  6134 | D:5      | Entered Level 5 of the Dungeon
  6223 | D:5      | Noticed Grinder
  6223 | D:5      | Paralysed by Grinder for 2 turns
  6242 | D:5      | Paralysed by Grinder for 6 turns
  6249 | D:5      | Killed Grinder
  6250 | D:5      | Reached XP level 7. HP: 24/52 MP: 3/8
  6261 | D:5      | Found a glowing silver altar of Zin.
  6462 | D:5      | Found a sand-covered staircase.
  6474 | Ossuary  | Entered an ossuary
  6640 | Ossuary  | Reached skill level 5 in Transmutations
  6983 | D:5      | Reached skill level 6 in Unarmed Combat
  7174 | D:5      | Reached XP level 8. HP: 59/61 MP: 5/9
  7284 | D:5      | Found a broken altar of Ashenzari.
  8338 | D:6      | Found a staircase to the Ecumenical Temple.
  8349 | Temple   | Entered the Ecumenical Temple
  8795 | D:6      | Found a shadowy altar of Dithmenos.
  8825 | D:6      | Found a shimmering altar of Xom.
  9255 | D:6      | Found a hazy altar of Hepliaklqana.
  9545 | D:7      | Reached skill level 7 in Unarmed Combat
  9626 | D:7      | Noticed Harold
  9961 | D:6      | HP: 2/66 [Harold (20)]
  9963 | D:6      | Slain by Harold

Illustrated notes

Levels and vault maps discovered:
D:1:      dpeg_arrival_leaves_temple_mockup, layout_loops_ring,
          dreamdust_ecumenical_altar_angels_and_demons,
          chequers_serial_rivers_small_3
D:2:      layout_loops_ring, serial_bayou_pond_c, minmay_cut_off
D:3:      layout_basic, uniq_natasha, uniq_crazy_yiuf_cottage
D:4:      kennysheep_six_static_rooms, layout_loops_corners, serial_shops,
          nicolae_square_shop, uniq_edmund, uniq_blork_the_orc, uniq_sigmund
D:5:      layout_loops_ring, marbit_many_paths, mainiacjoe_overflow_paths,
          enter_ossuary_3, uniq_grinder
D:6:      layout_loops_ring, nzn_hepliaklqana_mist_gate,
          nicolae_dithmenos_the_darkroom, led_xom_imps,
          nicolae_overflow_hidden_temple, minmay_temple_entry_sparse_star,
          kennysheep_cross_bottleneck, kennysheep_cross_room,
          hellmonk_bongcloud_opening
D:7:      layout_loops_ring, uniq_duvessa, uniq_harold
Temple:   cyrus_temple_forest

Skill      XL: |  1  2  3  4  5  6  7  8 |
---------------+-------------------------+-----
Transmutations | 2 3 4 5 |  5.8
Unarmed Combat | 4 5 6 7 |  7.0
Poison Magic   | 1 2 3 |  3.0
Throwing       | 1 3 |  3.0
Fighting       | 3 |  3.9
Dodging        | 4 |  4.1
Spellcasting   | |  1.5

Action                   |  1- 3 |  4- 6 |  7- 9 || total
-------------------------+-------+-------+-------++-------
Melee: Unarmed           |    98 |    95 |   192 ||   385
       Headbutt          |    16 |     7 |     1 ||    24
       Kick              |    22 |    10 |     2 ||    34
       Punch             |       |     2 |       ||     2
Throw: Stone             |       |       |     9 ||     9
       Dart              |       |       |     4 ||     4
 Cast: Beastly Appendage |    37 |    12 |     3 ||    52
       Spider Form       |       |    15 |    34 ||    49
Evoke: Wand              |       |       |     5 ||     5
  Use: Scroll            |       |     1 |       ||     1
       Potion            |       |       |     2 ||     2
 Stab: Sleeping          |     1 |       |       ||     1
       Invisible         |       |       |     1 ||     1
Armor: Robe              |    13 |    10 |       ||    23
       Skin              |       |     1 |    10 ||    11
Dodge: Dodged            |    50 |    56 |   122 ||   228
Block: Other             |       |       |    11 ||    11
